 Dungeon Crawl Stone Soup version 0.24.0-28-g17ded55e90 (webtiles) character file.

Game seed: 874849876084858671, levelgen mode: deterministic

49207 Delamore the Severer (level 14, -5/207 HPs)
             Began as a Hill Orc Fighter on Nov 13, 2019.
             Was a High Priest of Qazlal.
             Slain by a wyvern (16 damage)
             ... in a volcano.
             The game lasted 00:45:39 (20275 turns).

Delamore the Severer (Hill Orc Fighter)            Turns: 20275, Time: 00:45:39

Health: -5/207     AC: 16    Str: 29    XL:     14   Next: 49%
Magic:  7/14       EV:  8    Int:  8    God:    Qazlal [*****.]
Gold:   1052       SH: 16    Dex: 10    Spells: 13/13 levels left

rFire    . . .     SeeInvis .   c - +2 broad axe (pain)
rCold    . . .     Gourm    .   D - +0 shield
rNeg     . . .     Faith    .   (no armour)
rPois    .         Spirit   .   N - +2 hat
rElec    .         Reflect  .   K - +0 cloak {MR+}
rCorr    .         Harm     .   o - +2 pair of gloves
MR       ++...                  l - +2 pair of boots {run}
Stlth    ..........             (no amulet)
HPRegen  0.44/turn              z - +3 ring of protection
MPRegen  0.14/turn              (no ring)

@: berserking, protected from physical damage, lightly drained, repel missiles,
very quick
A: no striking features
a: Upheaval, Elemental Force, Disaster Area, Renounce Religion


You were in a volcano.
You worshipped Qazlal.
Qazlal was extremely pleased with you.
You were not hungry.

You visited 5 branches of the dungeon, and saw 18 of its levels.
You also visited: Sewer and Volcano.

You collected 1604 gold pieces.
You spent 552 gold pieces at shops.

Inventory:

Hand Weapons
 c - a +2 broad axe of pain (weapon)
 e - a +0 trident of flaming
 g - a +1 vampiric war axe
Missiles
 C - 3 atropa-tipped darts
 I - 15 javelins
 R - a throwing net (quivered)
Armour
 a - a +2 leather armour of fire resistance
 l - a +2 pair of boots of running (worn)
 o - a +2 pair of gloves (worn)
 A - a +1 leather armour of positive energy
 B - a +0 scale mail of magic resistance
 D - a +0 shield (worn)
 G - +0 ice dragon scales
 K - a +0 cloak of magic resistance (worn)
 N - a +2 hat (worn)
Jewellery
 z - a +3 ring of protection (left hand)
 U - an uncursed amulet of harm
Wands
 b - a wand of clouds (2)
 F - a wand of acid (6)
 O - a wand of paralysis (20)
Scrolls
 h - 3 scrolls of random uselessness
 j - 11 scrolls of remove curse
 k - 6 scrolls of teleportation
 n - 2 scrolls of blinking {unknown}
 q - a scroll of vulnerability {unknown}
 u - 5 scrolls of amnesia {unknown}
 x - 3 scrolls of fear {unknown}
 y - 3 scrolls of identify
 E - 2 scrolls of enchant armour
 H - a scroll of enchant weapon
 L - 2 scrolls of immolation {unknown}
 P - a scroll of noise {unknown}
 S - 2 scrolls of torment {unknown}
Potions
 i - 3 potions of haste
 m - 2 potions of degeneration {unknown}
 p - 5 potions of agility
 r - a potion of cancellation {unknown}
 s - 4 potions of invisibility
 t - a potion of mutation {unknown}
 v - 3 potions of flight
 w - 6 potions of curing
 J - a potion of magic {unknown}
 M - 2 potions of lignification
 Q - 2 potions of brilliance {unknown}
 V - a potion of might
 W - a potion of resistance {unknown}
Comestibles
 f - 33 rations
 X - 6 chunks of flesh


   Skills:
 * Level 16.5(15.8) Fighting
 + Level 20.9(20.1) Axes
 * Level 11.6(11.0) Armour
 - Level 3.2(2.8) Shields


You had 13 spell levels left.
You didn't know any spells.
Your spell library contained the following spells:

 Spells                   Type           Power        Failure   Level  Hunger
 Animate Skeleton         Necr           N/A          91%         1    ##.....
 Apportation              Tloc           #.....       91%         1    ##.....
 Confusing Touch          Hex            #.....       91%         1    ##.....
 Summon Small Mammal      Summ           #...         91%         1    ##.....
 Irradiate                Conj/Tmut      #.........   100%        5    ######.
 Hydra Form               Tmut           #.........   100%        6    #######
 Statue Form              Tmut/Erth      #........    100%        6    #######
 Dragon Form              Tmut           #.........   100%        7    #######


Dungeon Overview and Level Annotations

Branches:
Dungeon (12/15)            Temple (1/1) D:7            Lair (2/6) D:10
    Orc (2/2) D:9             Elf (1/3) Orc:2         Sewer (visited)
Volcano (1/1)
  Swamp: Lair:2-4    Shoals: Lair:2-4     Snake: Lair:2-4    Spider: Lair:2-4

Altars:
Ashenzari
Dithmenos
Elyvilon
Fedhas
Kikubaaqudgha
Nemelex Xobeh
Qazlal
Ru
Sif Muna
Wu Jian

Shops:
D:4 %}*[   D:5 [   D:7 *   D:9 (   Orc:1 %   Orc:2 :*([


Message History

The salamander is engulfed in freezing vapours.
The salamander barely misses you. The wyvern bites you!
* * * LOW HITPOINT WARNING * * *
Okay, then.
Okay, then.
You feel much better.
The salamander hits you from afar with a cursed -3 halberd!
* * * LOW HITPOINT WARNING * * *
You are engulfed in flames.
You resist.
You feel more protected from fire.
* * * LOW HITPOINT WARNING * * *
The wyvern bites you!
* * * LOW HITPOINT WARNING * * *
Your resistance to fire fades away.
You feel protected from physical attacks.
The salamander is engulfed in freezing vapours.
The salamander hits you but does no damage.
A red film seems to cover your vision as you go berserk!
You feel yourself moving faster!
You feel mighty! The wyvern bites you!
You die... ≈≈≈ ≈≈≈≈ ≈PPP≈

♣♣P.P.P
♣♣.P.P.
♣♣l..♣
♣NN♣
♣°l♣
♣.@♣
♣♣○♣♣
♣P.P♣
♣♣.P♣
♣..♣♣
♣P..♣♣
♣P.P.♣
♣♣..P♣
♣P.♣♣


You could see 2 salamanders and 2 wyverns.

Vanquished Creatures
  Gastronok (D:8)
  An orc warlord (Orc:2)
  Josephine (Orc:1)
  3 hydras
  The ghost of Ozoritup the Cleaver, a novice DDFi of Makhleb (D:10)
  3 two-headed ogres
  Urug (D:12)
  Nergalle (D:12)
  An orc high priest (Orc:2)
  An unseen horror (D:11)
  The ghost of lis82 the Magician, a novice DgFE (D:7)
  4 deep elf magi
  7 orc sorcerers
  6 orc knights (Orc:2)
  2 manticores (D:12)
  7 slime creatures (D:12)
  An ugly thing (D:12)
  3 black mambas
  Joseph (D:7)
  2 gargoyles
  A torpor snail (Lair:1)
  5 spiny frogs
  2 komodo dragons
  A queen bee (Lair:1)
  6 trolls
  3 meliai (D:11)
  A hornet (D:12)
  5 hippogriffs
  A shadow (D:10)
  12 wraiths
  A fire bat (Volcano)
  A wyvern (D:11)
  23 yaks
  Grum (D:8)
  A steam dragon (Volcano)
  2 swamp worms (D:9)
  3 hungry ghosts
  Edmund (D:5)
  3 wargs (Orc:2)
  5 porcupines
  3 water moccasins
  29 orc warriors
  3 ice beasts
  3 sky beasts
  15 ogres
  4 black bears
  A necrophage (D:7)
  3 phantoms
  4 wolves (D:8)
  3 centaurs
  7 crocodiles
  6 big kobolds
  A wyvern zombie (D:7)
  10 bullfrogs
  A gnoll sergeant (D:10)
  8 scorpions
  38 killer bees
  9 wights
  7 crimson imps
  3 howler monkeys
  2 bullfrog zombies
  7 hounds
  8 jellies
  16 orc priests
  Crazy Yiuf (D:7)
  3 bullfrog skeletons
  18 orc wizards
  6 centaur skeletons
  13 worker ants
  A centaur simulacrum (D:7)
  A hound skeleton (D:4)
  A worker ant zombie (D:7)
  21 adders
  9 gnolls
  A howler monkey skeleton (D:11)
  2 river rats (Sewer)
  2 shadow imps
  5 oozes (D:9)
  An adder zombie (D:6)
  6 worms
  2 dart slugs
  9 leopard geckos
  90 orcs
  12 bats
  7 giant cockroaches
  12 goblins
  16 hobgoblins
  16 jackals
  3 quokkas
  A ball python (D:3)
  4 frilled lizards
  40 kobolds
  3 quokka skeletons (D:4)
  25 rats
  3 fungi
  2 plants (Volcano)
653 creatures vanquished.

Vanquished Creatures (collateral kills)
  A hydra (Lair:1)
1 creature vanquished.

Vanquished Creatures (others)
  A wyvern (Volcano)
  2 orcs (Orc:2)
  48 fungi
  6 plants
57 creatures vanquished.

Grand Total: 711 creatures vanquished

Notes
Turn   | Place    | Note
-------+----------+-------------------------------------------
     0 | D:1      | Delamore the Hill Orc Fighter began the quest for the Orb.
     0 | D:1      | Reached XP level 1. HP: 19/19 MP: 1/1
    15 | D:1      | Reached skill level 3 in Axes
    34 | D:1      | Reached XP level 2. HP: 21/26 MP: 2/2
   144 | D:1      | Reached skill level 4 in Axes
   467 | D:1      | Reached XP level 3. HP: 31/31 MP: 3/3
   829 | D:2      | Reached skill level 5 in Axes
   944 | D:2      | Found a sacrificial altar of Ru.
   951 | D:2      | Reached XP level 4. HP: 38/39 MP: 4/4
  1041 | D:2      | Reached skill level 6 in Axes
  1184 | D:2      | Reached XP level 5. HP: 34/45 MP: 5/5
  1314 | D:2      | Reached skill level 7 in Axes
  1363 | D:2      | Found a blossoming altar of Fedhas.
  1866 | D:3      | Found a shattered altar of Ashenzari.
  2217 | D:3      | Reached skill level 8 in Axes
  2217 | D:3      | Reached XP level 6. HP: 48/51 MP: 6/6
  2263 | D:4      | Found Quavets's General Store.
  2271 | D:4      | Bought a potion of heal wounds for 60 gold pieces
  2271 | D:4      | Bought a scroll of teleportation for 36 gold pieces
  2335 | D:4      | Reached skill level 9 in Axes
  2350 | D:4      | Found Ibrewkeng's Food Shoppe.
  2401 | D:4      | Found Mekawna's Gadget Shop.
  2447 | D:4      | Reached XP level 7. HP: 36/57 MP: 7/7
  2555 | D:4      | Found Empuh's Antique Armour Emporium.
  2628 | D:4      | Reached skill level 10 in Axes
  2824 | D:4      | Found a glowing drain.
  2859 | Sewer    | Entered a sewer
  3138 | Sewer    | Found a white marble altar of Elyvilon.
  3583 | D:5      | Entered Level 5 of the Dungeon
  3601 | D:5      | Reached skill level 11 in Axes
  3618 | D:5      | Noticed Edmund
  3635 | D:5      | Killed Edmund
  3635 | D:5      | Reached XP level 8. HP: 50/64 MP: 8/8
  3864 | D:5      | Found Kivustur's Armour Shop.
  3906 | D:5      | Reached skill level 12 in Axes
  4496 | D:6      | Found an ornate altar of the Wu Jian Council.
  4618 | D:6      | Reached skill level 13 in Axes
  4966 | D:6      | Reached skill level 14 in Axes
  4966 | D:6      | Reached XP level 9. HP: 63/70 MP: 9/9
  5024 | D:6      | Found a white marble altar of Elyvilon.
  5977 | D:7      | Reached skill level 15 in Axes
  6126 | D:7      | Found a transporter.
  6127 | D:7      | Found a transporter.
  6127 | D:7      | Noticed lis82's ghost (novice DgFE)
  6255 | D:7      | Noticed Joseph
  6277 | D:7      | Killed Joseph
  6768 | D:7      | Reached skill level 16 in Axes
  7285 | D:7      | Reached XP level 10. HP: 77/77 MP: 10/10
  7312 | D:7      | Found a staircase to the Ecumenical Temple.
  7343 | D:7      | Found Ycuim's Assorted Antiques.
  7362 | D:7      | Found a runed translucent door.
  7364 | D:7      | Noticed Crazy Yiuf
  7371 | D:7      | Killed Crazy Yiuf
  7447 | Temple   | Entered the Ecumenical Temple
  7484 | Temple   | Became a worshipper of Qazlal Stormbringer
  7530 | D:8      | Noticed a two-headed ogre
  7540 | D:7      | Killed a two-headed ogre
  7540 | D:7      | Reached skill level 17 in Axes
  7767 | D:8      | Noticed Gastronok
  7787 | D:8      | Killed Gastronok
  7787 | D:8      | Reached skill level 18 in Axes
  8079 | D:8      | Reached * piety under Qazlal
  8176 | D:8      | Found a sparkling altar of Nemelex Xobeh.
  8247 | D:8      | Noticed Grum
  8264 | D:8      | Killed Grum
  8264 | D:8      | Reached XP level 11. HP: 86/92 MP: 11/11
  8744 | D:7      | Killed lis82's ghost
  8930 | D:7      | Reached ** piety under Qazlal
  9625 | D:9      | Reached skill level 10 in Fighting
  9736 | D:9      | Found Ythrasecad's Weapon Shoppe.
  9736 | D:9      | Found a staircase to the Orcish Mines.
 10319 | D:9      | Reached skill level 19 in Axes
 10614 | D:5      | Bought a +2 pair of boots of running for 456 gold pieces
 10747 | Orc:1    | Entered Level 1 of the Orcish Mines
 10826 | Orc:1    | Found Koluig's Food Boutique.
 10860 | Orc:1    | Noticed an orc sorcerer
 10866 | Orc:1    | Killed an orc sorcerer
 10866 | Orc:1    | Reached *** piety under Qazlal
 11049 | Orc:2    | Entered Level 2 of the Orcish Mines
 11067 | Orc:2    | Noticed an orc sorcerer
 11071 | Orc:2    | Noticed a soul eater
 11076 | Orc:2    | Killed an orc sorcerer
 11204 | Orc:2    | Noticed an orc sorcerer
 11213 | Orc:2    | Noticed an orc knight
 11214 | Orc:2    | Killed an orc sorcerer
 11218 | Orc:2    | Noticed an orc knight
 11395 | Orc:2    | Killed an orc knight
 11396 | Orc:2    | Killed an orc knight
 11396 | Orc:2    | Reached skill level 5 in Armour
 11396 | Orc:2    | Reached XP level 12. HP: 110/110 MP: 12/12
 12959 | Orc:2    | Found Qasepan's Book Shoppe.
 12992 | Orc:2    | Noticed an orc warlord
 13024 | Orc:2    | Killed an orc warlord
 13094 | Orc:2    | Noticed an orc high priest
 13095 | Orc:2    | Found Aroun's Antique Weapon Shop.
 13104 | Orc:2    | Noticed a sun demon
 13112 | Orc:2    | Killed an orc high priest
 13347 | Orc:2    | Reached **** piety under Qazlal
 13445 | Orc:2    | Found a staircase to the Elven Halls.
 13454 | Orc:2    | Found Irchef's General Store.
 13670 | Orc:2    | Found Horph's Antique Armour Shop.
 13943 | Orc:1    | Noticed Josephine
 13954 | Orc:1    | Killed Josephine
 13963 | Orc:1    | Reached XP level 13. HP: 101/123 MP: 13/13
 13967 | Orc:1    | Reached skill level 20 in Axes
 14377 | Elf:1    | Entered Level 1 of the Elven Halls
 14407 | Orc:2    | HP: 6/124 [deep elf mage/bolt of lightning (27)]
 14839 | D:10     | Entered Level 10 of the Dungeon
 15006 | D:10     | Reached ***** piety under Qazlal
 15245 | D:10     | Found a staircase to the Lair.
 15334 | D:10     | Found a runed translucent gate.
 15336 | D:10     | Found a runed translucent gate.
 15336 | D:10     | Found a runed translucent gate.
 15339 | D:10     | Noticed Ozoritup's ghost (novice DDFi)
 15398 | D:10     | Killed Ozoritup's ghost
 15433 | D:10     | Got an iridescent dagger
 15688 | D:10     | Identified the +7 dagger "Syhad" {protect, Dex+5} (You
                  | found it on level 10 of the Dungeon)
 16330 | D:11     | Reached skill level 15 in Fighting
 16660 | D:11     | Reached ****** piety under Qazlal
 16840 | D:12     | Noticed Urug
 16863 | D:12     | Killed Urug
 16863 | D:12     | Reached skill level 10 in Armour
 16986 | D:12     | Noticed Nergalle
 17252 | D:12     | Killed Nergalle
 17288 | D:12     | Reached XP level 14. HP: 75/136 MP: 14/14
 17999 | Lair:1   | Entered Level 1 of the Lair of Beasts
 20206 | Lair:2   | Found a dark tunnel.
 20211 | Volcano  | Entered a volcano
 20272 | Volcano  | HP: 3/138 [salamander/cursed -3 halberd (7)]
 20275 | Volcano  | Slain by a wyvern

Levels and vault maps discovered:
D:1:      erik_arrival_orb_chamber, layout_loops_ring
D:2:      layout_basic, nicolae_ru_great_annihilating_truth,
          lemuel_crystal_altar, first_ration, minmay_misc_feat_doors
D:3:      layout_rooms, evilmike_ruin_ashenzari
D:4:      layout_basic, serial_shops, shop, shop, nicolae_shop_window_shopping,
          shop, cheibrodos_sewer_entry_bend
D:5:      layout_basic, serial_shops, shop, uniq_edmund
D:6:      layout_cave_pools, elyvilon_altar_1, serial_glass, glass_columns_b,
          glass_columns_a, glass_columns_c, glass_columns_b, glass_columns_b,
          glass_columns_a, glass_columns_b, glass_columns_b, basic_altar,
          chequers_serial_rivers_micro_e
D:7:      corexii_shantytown, layout_rooms, minmay_temple_entry_antechambers,
          gammafunk_ghost_mausoleum, serial_shops,
          nicolae_shop_overgrown_old_shop, uniq_crazy_yiuf_cottage, uniq_joseph
D:8:      layout_basic, nemelex_xobeh_ov_fountains_minmay, uniq_gastronok,
          uniq_grum
D:9:      layout_basic, orc_david_3, hangedman_little_slice_of_home,
          worms_lemuel
D:10:     layout_stronghold, due_lair_maze_entry_diamond,
          gammafunk_ghost_spectres
D:11:     layout_roguey, ebering_dispersal_statue_hall
D:12:     layout_basic, gauntlet_entry_generic, uniq_urug, uniq_nergalle
Temple:   dpeg_five_rooms_temple
Lair:1:   layout_small_grid, special_room [special_room_bee],
          cheibrodos_lair_caveside_slide, minmay_stone_trees_small,
          hangedman_lair_generics_rect
Lair:2:   layout_gridlike, nicolae_volcano_entry_s_turn
Orc:1:    layout_diamond_mine, serial_shops, nicolae_shop_window_shopping,
          nicolae_orc_damp_corner, david_defended_altar_orc, uniq_josephine
Orc:2:    grunt_orc_gardens, layout_diamond_mine, grunt_orc_garden,
          grunt_orc_garden, grunt_orc_garden, grunt_orc_garden
Elf:1:    minmay_elf_arrival_summoners, layout_loops_ring, serial_shops,
          shop_fountains, kennysheep_underground_church, dk_noncrumbling_4,
          nicolae_elf_big_sculpture_3, minivault_20, uniq_azrael
Volcano:  pf_volcano_lost_world

Skill      XL: |  1  2  3  4  5  6  7  8  9 10 11 12 13 14 |
---------------+-------------------------------------------+-----
Axes           | 3 4 5 6 8 9 11 14 16 18 19 20 | 20.9
Fighting       | 7 11 13 15 16 | 16.5
Armour         | 5 7 10 11 | 11.6
Shields        | |  3.2

Action                   |  1- 3 |  4- 6 |  7- 9 | 10-12 | 13-15 || total
-------------------------+-------+-------+-------+-------+-------++-------
Melee: War axe           |   122 |   194 |   529 |   633 |   239 ||  1717
       Battleaxe         |       |       |       |    55 |       ||    55
       Broad axe         |       |       |       |    80 |   471 ||   551
Throw: Dart              |       |       |     3 |     4 |     5 ||    12
       Javelin           |       |       |       |     9 |       ||     9
Invok: Upheaval          |       |       |       |       |    14 ||    14
       Elemental Force   |       |       |       |       |     1 ||     1
       Disaster Area     |       |       |       |       |     1 ||     1
Evoke: Wand              |       |       |       |       |     1 ||     1
  Use: Scroll            |       |     4 |     4 |     2 |     6 ||    16
       Potion            |       |     1 |     3 |     2 |     5 ||    11
 Stab: Paralysed         |       |     1 |       |       |       ||     1
  Eat: Chunk             |       |     5 |    16 |    19 |    16 ||    56
       Ration            |       |       |       |     3 |     1 ||     4
Armor: Scale mail        |    76 |   106 |    76 |   181 |   276 ||   715
       Leather armour    |       |       |    80 |       |       ||    80
       Ice dragon scales |       |       |    47 |    41 |       ||    88
       Skin              |       |       |       |       |     2 ||     2
Dodge: Dodged            |    53 |    67 |   131 |   159 |   140 ||   550
       Deflected         |       |       |       |       |     3 ||     3
Block: Shield            |    61 |   118 |   191 |   240 |   487 ||  1097
       Other             |       |       |       |    26 |       ||    26
